 Dungeon Crawl Stone Soup version 0.31.0-10-gcf4a605ca0 (webtiles) character file.

Game seed: 14885975881318175796

1313 Flugkiller the Grappler (level 8, -4/79 HPs)
             Began as a Troll Enchanter on Jan 25, 2024.
             Slain by a hornet (5 damage)
             ... on level 6 of the Dungeon.
             The game lasted 00:03:20 (3489 turns).

Flugkiller the Grappler (Troll Enchanter)           Turns: 3489, Time: 00:03:20

Health: -4/79      AC:  4    Str: 25    XL:     8   Next: 32%
Magic:  8/8        EV:  9    Int: 11    God:
Gold:   234        SH:  0    Dex: 10    Spells: 9/9 levels left

rFire   . .          .
                       - Unarmed
rCold   + . .        (no shield)
rNeg    . . .        b - +0 robe
rPois   .            (helmet restricted)
rElec   .            (no cloak)
rCorr   .            (gloves unavailable)
SInv    .            (boots unavailable)
Will    .....        (no amulet)
Stlth   ++           a - +6 ring of strength
HPRegen 1.13/turn    p - ring of protection from cold
MPRegen 0.11/turn

%: no passive effects
@: lethally poisoned (-4 -> -5), slowed, very slow
A: large, unfitting armour, claws 3, regeneration 1, shaggy fur 1, tough skin 1
a: no special abilities


You were on level 6 of the Dungeon.
You visited 1 branch of the dungeon, and saw 6 of its levels.
You also visited: Sewer.

You collected 234 gold pieces.

Inventory:

Hand Weapons
 e - the +7 sling of Datokobb {freeze, rN+ Int-3 SInv}
   (You found it on level 4 of the Dungeon)

   Int-3:     It affects your intelligence (-3).
   rN+:       It protects you from negative energy.
   SInv:      It lets you see invisible.
Missiles
 g - 6 poisoned darts (quivered)
Armour
 b - a +0 robe (worn)
Jewellery
 a - a +6 ring of strength (left claw)
   (You found it on level 1 of the Dungeon)
 c - a ring of magical power
   (You found it on level 1 of the Dungeon)
 p - a ring of protection from cold (right claw)
   (You found it on level 2 of the Dungeon)
Wands
 d - a wand of iceblast (1)
   (You found it on level 4 of the Dungeon)


   Skills:
 + Level 4.6 Fighting
 - Level 0.7 Short Blades
 - Level 1.5 Dodging
 - Level 1.5 Stealth
 * Level 8.1 Unarmed Combat
 - Level 1.2 Spellcasting
 - Level 2.0 Hexes
 + Level 0.6 Evocations


You had 9 spell levels left.
You didn't know any spells.
Your spell library contained the following spells:

 Spells                   Type           Power      Damage    Failure   Level
 Ensorcelled Hibernation  Hex/Ice        4%         N/A       32%         2
 Confusing Touch          Hex            5%         N/A       38%         3
 Tukima's Dance           Hex            5%         N/A       38%         3
 Dazzling Flash           Conj/Hex       4%         N/A       54%         3
 Gell's Gravitas          Tloc           0%         N/A       67%         3
 Teleport Other           Tloc           0%         N/A       67%         3
 Dispersal                Tloc           0%         N/A       100%        6


Dungeon Overview and Level Annotations

Branches:
Dungeon (6/15) Zot: 26208   Sewer (visited)
 Temple: D:4-7

Altars:
Elyvilon

Shops:
D:1 (   D:2 [


Innate Abilities, Weirdness & Mutations

You are too large for most types of armour.
You have claws for hands.
Your natural rate of healing is unusually fast.
You are covered in fur. (AC +1)
You have tough skin. (AC +1)


Message History

No target in view!
No target in view!
An orc comes into view. It is wielding a +0 short sword.
Found 8 gold pieces.
An orc is nearby!
An orc is nearby!
The orc shouts!
A howler monkey comes into view.
Found a stone staircase leading down.
The howler monkey howls!
You claw the orc!
You kill the orc!
The howler monkey hoots and howls with incredible vigour!
You hear a loud, deep croak! x2
You see here a +0 short sword.
The howler monkey hits you.
You claw the howler monkey!
The howler monkey is almost dead.
The howler monkey barely misses you.
You closely miss the howler monkey. You claw the howler monkey.
You kill the howler monkey!
Your Unarmed Combat skill increases to level 8!
No target in view!
No target in view!
You now have 220 gold pieces (gained 8).
You see here a howler monkey corpse.
HP restored.
There is a stone staircase leading down here.
There is a stone staircase leading down here.
There is a stone staircase leading down here.
Found a scroll labelled HEILIGRUEGY.
You now have 234 gold pieces (gained 14).
You see here a scroll labelled HEILIGRUEGY.
A bullfrog comes into view.
Found 7 stones.
Found an escape hatch in the ceiling.
A bullfrog is nearby!
The bullfrog croaks.
The bullfrog closely misses you. The bullfrog hits you.
You claw the bullfrog!
The bullfrog is severely wounded.
The bullfrog hits you.
You closely miss the bullfrog.
The bullfrog is severely wounded.
The bullfrog hits you. x2
You mangle the bullfrog!!
You kill the bullfrog!
No target in view!
Key pressed, stopping explore.
No target in view!
Found a scroll labelled TIENAPT INOLOA.
No target in view!
A hornet comes into view.
You barely miss the hornet. The hornet barely misses you.
The hornet stings you!
You suddenly lose the ability to move!
The hornet stings you!
You are poisoned.
You shrug off the repeated paralysis!
You feel very sick. The hornet stings you!
You feel yourself slow down. The hornet stings you!
You are more poisoned.
You shrug off the repeated paralysis!
You feel very sick. The hornet stings you!
You shrug off the repeated paralysis!
You can move again.
Aiming: Iceblast
Press: ? - help, Shift-Dir - straight line The mass of ice explodes!
The iceblast engulfs the hornet!
The hornet is moderately wounded.
You feel very sick.
You hear an angry hiss.
Something shouts, "Crawl home, thou skyhacking fly-bitten gudgeon!"
You hear a croak.
The hornet barely misses you. x2
Aiming: Iceblast
Press: ? - help, Shift-Dir - straight line The mass of ice explodes!
The iceblast engulfs the hornet!
The hornet is severely wounded.
You feel yourself speed up.
You feel very sick. The hornet stings you.
* * * LOW HITPOINT WARNING * * *
You feel yourself slow down. The hornet barely misses you.
An adder comes into view.
The hornet stings you!
* * * LOW HITPOINT WARNING * * *
You feel as though you will be slow longer.
Aiming: Iceblast
Press: ? - help, Shift-Dir - straight line The mass of ice explodes!
The iceblast engulfs the hornet!
The hornet is almost dead.
The adder hisses angrily.
You feel sick.
You hear a loud, deep croak!
The hornet stings you!
* * * LOW HITPOINT WARNING * * *
You feel as though you will be slow longer.
The adder bites you.
* * * LOW HITPOINT WARNING * * *
The hornet stings you.
You die...

.........#####.#
...........#<#.#
........##.#)#.#
#.......##...#.#
...#######...#.#
# ####
#...#.#####..#
....#........#
#.......S####.#
#....###@#
+.......y.....#
#.?.####.....##
+... .........
### ..####...
.... .. ##.. #
...


You could see a hornet and an adder.

Vanquished Creatures
  A water moccasin (D:6)
  3 ogres
  A phantom (D:4)
  A bullfrog (D:6)
  2 scorpions (D:5)
  A howler monkey (D:6)
  A gnoll bouda (D:5)
  6 hounds
  4 jellies
  An iguana (D:5)
  An orc wizard (D:5)
  Robin (D:3)
  4 gnolls
  9 adders
  A river rat (Sewer)
  2 white imps (D:5)
  3 dart slugs
  3 ribbon worms
  11 orcs
  8 ball pythons
  14 endoplasms
  8 giant cockroaches
  15 goblins
  4 hobgoblins
  8 jackals
  4 quokkas
  5 bats
  5 frilled lizards
  8 kobolds
  7 rats
142 creatures vanquished.

Notes
Turn   | Place    | Note
-------+----------+-------------------------------------------
     0 | D:1      | Flugkiller the Troll Enchanter began the quest for the Orb.
     0 | D:1      | Reached XP level 1. HP: 16/16 MP: 1/1
    62 | D:1      | Reached skill level 1 in Unarmed Combat
    70 | D:1      | Reached XP level 2. HP: 24/26 MP: 2/2
   123 | D:1      | Found Nak Iwan's Weapon Emporium.
   157 | D:1      | Reached skill level 1 in Fighting
   157 | D:1      | Reached skill level 2 in Unarmed Combat
   219 | D:1      | Found a faded altar of an unknown god.
   276 | D:1      | Reached XP level 3. HP: 33/33 MP: 3/3
   608 | D:2      | Found Nozimadd's Armour Boutique.
   819 | D:2      | You fall into a shaft and drop 1 floor!
   870 | D:3      | Noticed Robin
   898 | D:3      | Killed Robin
   899 | D:3      | Reached skill level 3 in Unarmed Combat
   899 | D:3      | Reached XP level 4. HP: 32/41 MP: 4/4
  1030 | D:3      | Found a glowing drain.
  1042 | Sewer    | Entered a sewer
  1139 | Sewer    | Reached XP level 5. HP: 36/49 MP: 5/5
  1190 | Sewer    | Reached skill level 4 in Unarmed Combat
  1204 | Sewer    | Found a shimmering altar of Xom.
  1858 | D:4      | Found a white marble altar of Elyvilon.
  1981 | D:4      | Noticed a phantom
  1998 | D:4      | Killed a phantom
  1999 | D:4      | Reached skill level 5 in Unarmed Combat
  1999 | D:4      | Reached XP level 6. HP: 47/59 MP: 6/6
  2329 | D:4      | Identified the +7 sling of Datokobb {freeze, rN+ Int-3
                  | SInv}
  2366 | D:4      | Reached XP level 7. HP: 55/67 MP: 7/7
  2557 | D:5      | Entered Level 5 of the Dungeon
  2570 | D:5      | Identified the +4 trident "Hydra's Demise" {flame, *Rage
                  | rF- Will+ Dex+8}
  2637 | D:5      | Reached skill level 6 in Unarmed Combat
  3019 | D:5      | Reached skill level 7 in Unarmed Combat
  3059 | D:5      | Reached XP level 8. HP: 79/79 MP: 8/8
  3323 | D:6      | Reached skill level 8 in Unarmed Combat
  3480 | D:6      | Noticed a hornet
  3483 | D:6      | Paralysed by a hornet for 3 turns
  3489 | D:6      | HP: 2/79 [hornet (13)]
  3489 | D:6      | Slain by a hornet

Illustrated notes

Levels and vault maps discovered:
D:1:      grunt_arrival_crossed_arrows, layout_rooms, serial_shops, shop,
          serial_glass, glass_columns_b, glass_columns_a,
          hellmonk_ecumenical_altar_heavens_door, dreamdust_mushroom_princess,
          minmay_domino_2
D:2:      layout_basic, serial_shops, nicolae_shop_stone
D:3:      layout_basic, cheibrodos_sewer_entry_bend, uniq_robin
D:4:      minmay_bubble_buster, layout_cave_pods, mainiacjoe_overflow_alcove_4,
          serial_column_ruins, column_ruins_hut_pillars,
          column_ruins_circle_medium, column_ruins_columns_straight,
          column_ruins_grid_3, column_ruins_grid_3, column_ruins_open_tiny,
          column_ruins_open_tiny
D:5:      layout_rooms, minivault_19
D:6:      layout_basic, kennysheep_little_box

Skill      XL: |  1  2  3  4  5  6  7  8 |
---------------+-------------------------+-----
Unarmed Combat | 1 2 3 5 7 8 |  8.1
Fighting       | 1 2 3 4 |  4.6
Short Blades   | |  0.7
Dodging        | |  1.5
Stealth        | |  1.5
Spellcasting   | |  1.2
Hexes          | |  2.0
Evocations     | |  0.6

Action                     |  1- 3 |  4- 6 |  7- 9 || total
---------------------------+-------+-------+-------++-------
  Melee: Unarmed           |   125 |   136 |   104 ||   365
         Punch             |     1 |     2 |     4 ||     7
   Fire: Sling             |       |     7 |    15 ||    22
  Evoke: Wand              |       |       |     3 ||     3
   Stab: Sleeping          |       |     1 |     1 ||     2
         Distracted        |       |     1 |       ||     1
 Armour: Robe              |   112 |    80 |   115 ||   307
  Dodge: Dodged            |    80 |    51 |    59 ||   190
